 Dungeon Crawl Stone Soup version 0.30.0-15-g856e2d3f33 (webtiles) character file.

Game seed: 6196539322188982501

1667 Renzlar the Shield-Bearer (level 9, -1/97 HPs)
             Began as a Gnoll Fighter on May 18, 2023.
             Was a Priest of Okawaru.
             Slain by a hobgoblin
             ... wielding a +3 war axe
              (10 damage)
             ... in a bailey on May 19, 2023.
             The game lasted 00:41:34 (8118 turns).

Renzlar the Shield-Bearer (Gnoll Fighter)           Turns: 8118, Time: 00:41:35

Health: -1/97      AC: 11    Str: 19    XL:     9   Next: 1%
Magic:  0/14       EV: 10    Int:  9    God:    Okawaru [***...]
Gold:   567        SH:  7    Dex: 11    Spells: 15/15 levels left

rFire   . . .        a - +1 war axe (flame)
rCold   . . .        y - +2 buckler
rNeg    . . .        b - +1 scale mail
rPois   +            u - +0 helmet
rElec   .            (no cloak)
rCorr   .            (no gloves)
SInv    .            e - +0 pair of boots
Will    .....        A - amulet of guardian spirit Stlth
                     z - ring of poison resistance
HPRegen 0.36/turn    (no ring)
MPRegen 0.14/turn

%: guardian spirit
@: berserking, very quick
A: reduced essence, fangs 1, strong nose, distributed training
a: Renounce Religion, Heroism


You were in a bailey.
You worshipped Okawaru.
Okawaru was most pleased with you.
You visited 2 branches of the dungeon, and saw 9 of its levels.
You also visited: Bailey.

You collected 567 gold pieces.

Inventory:

Hand Weapons
 a - a +1 war axe of flaming (weapon)
 c - a +0 sling
 i - a +4 spear of venom
 m - a +1 dagger of venom
 t - a +0 eveningstar
Missiles
 q - 15 poisoned darts (quivered)
Armour
 b - a +1 scale mail (worn)
 e - a +0 pair of boots (worn)
 u - a +0 helmet (worn)
 y - a +2 buckler (worn)
Jewellery
 z - a ring of poison resistance (left hand)
 A - an amulet of guardian spirit (around neck)
Wands
 k - a wand of polymorph (9)
 r - a wand of charming (4)
 s - a wand of flame (21)
Scrolls
 h - 4 scrolls of blinking
 l - a scroll of silence
 o - 5 scrolls of teleportation
 w - a scroll of amnesia
 B - a scroll of fog
Potions
 d - a potion of might
 f - a potion of attraction {unknown}
 g - a potion of berserk rage
 j - 2 potions of magic
 n - 2 potions of mutation
 p - a potion of heal wounds {unknown}
 v - 2 potions of invisibility
 x - 2 potions of haste
 D - a potion of flight


   Skills:
 + Level 7.7 Fighting
 + Level 3.9 Short Blades
 + Level 3.9 Long Blades
 + Level 6.1 Axes
 + Level 3.9 Maces & Flails
 + Level 3.9 Polearms
 + Level 3.9 Staves
 + Level 3.9 Ranged Weapons
 + Level 3.9 Throwing
 + Level 7.7 Armour
 + Level 3.9 Dodging
 + Level 3.9 Stealth
 + Level 7.7 Shields
 + Level 3.9 Unarmed Combat
 + Level 3.9 Spellcasting
 + Level 3.2 Conjurations
 + Level 3.2 Hexes
 + Level 3.2 Summonings
 + Level 3.2 Necromancy
 + Level 3.2 Translocations
 + Level 3.2 Transmutations
 + Level 3.2 Fire Magic
 + Level 3.2 Ice Magic
 + Level 3.2 Air Magic
 + Level 3.2 Earth Magic
 + Level 3.2 Poison Magic
 + Level 4.3 Invocations
 + Level 3.9 Evocations


You had 15 spell levels left.
You didn't know any spells.
Your spell library contained the following spells:

 Spells                   Type           Power      Damage    Failure   Level
 Necrotise                Necr           28%        1d5       24%         1
 Slow                     Hex            28%        N/A       24%         1
 Ensorcelled Hibernation  Hex/Ice        14%        N/A       34%         2
 Sublimation of Blood     Necr           7%         N/A       34%         2
 Wereblood                Tmut           7%         N/A       34%         2
 Confusing Touch          Hex            7%         N/A       56%         3
 Dazzling Flash           Conj/Hex       14%        N/A       56%         3
 Hailstorm                Conj/Ice       7%         3d4       56%         3
 Vampiric Draining        Necr           7%         2d6       56%         3
 Volatile Blastmotes      Fire/Tloc      14%        2d11      56%         3
 Cause Fear               Hex            3%         N/A       93%         4
 Ice Form                 Ice/Tmut       7%         N/A       93%         4
 Iskenderun's Mystic Bla  Conj/Tloc      7%         2d4       93%         4
 Agony                    Necr           7%         N/A       100%        5
 Metabolic Englaciation   Hex/Ice        3%         N/A       100%        5
 Silence                  Hex/Air        3%         N/A       100%        5
 Starburst                Conj/Fire      3%         6d3       100%        6
 Dragon Form              Tmut           3%         N/A       100%        7
 Simulacrum               Ice/Necr       Unusable   N/A       N/A         6
 Summon Hydra             Summ           Unusable   N/A       N/A         7
 Dragon's Call            Summ           Unusable   N/A       N/A         9

Dungeon Overview and Level Annotations

Branches:
Dungeon (8/15)             Temple (1/1) D:6          Bailey (1/1)
   Lair: D:8-11

Altars:
Ashenzari
Cheibriados
Dithmenos
Elyvilon
Fedhas
Hepliaklqana
Kikubaaqudgha
Makhleb
Nemelex Xobeh
Okawaru
Sif Muna
Trog
Uskayaw
Vehumet
Wu Jian
Yredelemnul
Zin
The Shining One

Shops:
D:4 (*


Innate Abilities, Weirdness & Mutations

Your life essence is reduced to manifest your ancestor. (-10% HP)
You have very sharp teeth.
Your uncanny sense of smell can sniff out nearby items.
Your experience applies equally to all skills.


Message History

The orc warrior hits you with a +0 war axe.
You closely miss the orc warrior. Your bite misses the orc warrior.
The orc warrior is almost dead.
You hit the orc warrior but do no damage.
You hit the hobgoblin but do no damage.
The orc warrior hits you with a +0 war axe!
The hobgoblin barely misses you. The orc warrior closely misses you.
You block the orc warrior's attack.
The orc warrior hits you with a +0 war axe.
The hobgoblin hits you with a +3 war axe!
* * * LOW HITPOINT WARNING * * *
Unknown command.
You closely miss the orc warrior.
The orc warrior is almost dead.
You barely miss the hobgoblin. You barely miss the orc warrior.
The orc warrior barely misses you. The hobgoblin misses you.
The orc warrior closely misses you.
Unknown command.
You barely miss the orc warrior.
You bite the orc warrior, but do no damage.
The orc warrior is almost dead.
You barely miss the orc warrior. You barely miss the hobgoblin.
The orc warrior hits you with a +0 war axe.
* * * LOW HITPOINT WARNING * * *
The hobgoblin hits you with a +3 war axe!
* * * LOW HITPOINT WARNING * * *
The orc warrior hits you with a +0 war axe!
* * * LOW HITPOINT WARNING * * *
Unknown command.
You feel better.
The orc warrior hits you with a +0 war axe!
* * * LOW HITPOINT WARNING * * *
The hobgoblin hits you but does no damage.
You block the orc warrior's attack.
A red film seems to cover your vision as you go berserk!
You feel yourself moving faster!
You feel mighty!
The orc warrior hits you with a +0 war axe.
* * * LOW HITPOINT WARNING * * *
The hobgoblin hits you with a +3 war axe!
You die...

##.....## ####'##
##.....## #.......#
##.......##
∆∆∆∆∆∆∆#.........#
∆∆∆∆∆##.....)...##
#######.....ogo...#
##.....##.....@...##
#.......#.....)...#
##.......##....)..##
+.........).......#
##........)##.....##
#.....⌠.....#######
#.........##
#.........#
#....)).##


You could see 2 orc warriors and a hobgoblin.

Vanquished Creatures
  Pikel (D:4)
  A troll (D:7)
  Sigmund (D:3)
  A yak (D:7)
  4 water moccasins
  Duvessa (D:6)
  An orc warrior (Bailey)
  2 sky beasts
  2 ice beasts
  2 centaurs
  A kobold brigand (D:6)
  2 phantoms
  2 bullfrogs (D:7)
  2 gnoll sergeants
  2 scorpions
  10 wights
  Dowan (D:6)
  A killer bee (D:7)
  2 howler monkeys
  3 hounds
  4 jellies
  2 orc priests
  A gnoll bouda (D:7)
  A sleepcap (D:5)
  2 iguanas
  Ijyb (D:3)
  Terence (D:3)
  9 orc wizards
  Robin (D:3)
  An adder (D:3)
  10 gnolls
  6 shadow imps
  4 white imps
  A dart slug (D:5)
  23 orcs
  8 ball pythons
  3 bats
  8 endoplasms
  2 giant cockroaches (D:1)
  18 goblins
  17 hobgoblins
  5 jackals
  4 quokkas
  3 frilled lizards
  10 kobolds
  12 rats
199 creatures vanquished.

Notes
Turn   | Place    | Note
-------+----------+-------------------------------------------
     0 | D:1      | Renzlar the Gnoll Fighter began the quest for the Orb.
     0 | D:1      | Reached XP level 1. HP: 23/23 MP: 1/1
     0 | D:1      | Noticed a jelly
     1 | D:1      | Found a runed translucent door.
    81 | D:1      | Got the Reference Book on Burnt Malediction
   348 | D:1      | Found a faded altar of an unknown god.
   355 | D:1      | Reached XP level 2. HP: 29/29 MP: 2/2
   749 | D:1      | Reached skill level 1 in Short Blades
   749 | D:1      | Reached skill level 1 in Long Blades
   749 | D:1      | Reached skill level 1 in Maces & Flails
   749 | D:1      | Reached skill level 1 in Polearms
   749 | D:1      | Reached skill level 1 in Staves
   749 | D:1      | Reached skill level 1 in Ranged Weapons
   749 | D:1      | Reached skill level 1 in Throwing
   749 | D:1      | Reached skill level 1 in Dodging
   749 | D:1      | Reached skill level 1 in Stealth
   749 | D:1      | Reached skill level 1 in Unarmed Combat
   749 | D:1      | Reached skill level 1 in Spellcasting
   749 | D:1      | Reached skill level 1 in Invocations
   749 | D:1      | Reached skill level 1 in Evocations
   749 | D:1      | Reached XP level 3. HP: 35/35 MP: 2/4
   831 | D:2      | Reached XP level 4. HP: 40/41 MP: 5/5
  1401 | D:2      | Found a hide-covered altar of Uskayaw.
  1712 | D:3      | Noticed Terence
  1718 | D:3      | Killed Terence
  1719 | D:3      | Reached skill level 1 in Conjurations
  1719 | D:3      | Reached skill level 1 in Hexes
  1719 | D:3      | Reached skill level 1 in Summonings
  1719 | D:3      | Reached skill level 1 in Necromancy
  1719 | D:3      | Reached skill level 1 in Translocations
  1719 | D:3      | Reached skill level 1 in Transmutations
  1719 | D:3      | Reached skill level 1 in Fire Magic
  1719 | D:3      | Reached skill level 1 in Ice Magic
  1719 | D:3      | Reached skill level 1 in Air Magic
  1719 | D:3      | Reached skill level 1 in Earth Magic
  1719 | D:3      | Reached skill level 1 in Poison Magic
  1732 | D:3      | Noticed a scorpion
  1740 | D:3      | Killed a scorpion
  1741 | D:3      | Reached XP level 5. HP: 37/47 MP: 5/7
  1788 | D:3      | Noticed Sigmund
  1788 | D:3      | Noticed Ijyb
  1794 | D:3      | Killed Sigmund
  1795 | D:3      | Reached skill level 5 in Axes
  1795 | D:3      | Reached XP level 6. HP: 48/53 MP: 7/9
  1806 | D:3      | Killed Ijyb
  2052 | D:3      | Noticed Robin
  2072 | D:3      | Killed Robin
  2132 | D:3      | Found a shadowy altar of Dithmenos.
  2491 | D:4      | Reached XP level 7. HP: 57/60 MP: 10/10
  2518 | D:4      | Noticed Pikel
  2541 | D:4      | Killed Pikel
  2542 | D:4      | Reached XP level 8. HP: 44/67 MP: 10/12
  2616 | D:4      | Found Zanes's Overcharged Wands.
  2639 | D:4      | Found Upnegrig's Antique Weapon Emporium.
  3235 | D:4      | Found a burning altar of Makhleb.
  3340 | D:4      | Found an ornate altar of the Wu Jian Council.
  3371 | D:5      | Entered Level 5 of the Dungeon
  4421 | D:5      | Found a bloodstained altar of Trog.
  4521 | D:5      | Found a blossoming altar of Fedhas.
  4744 | D:6      | Reached XP level 9. HP: 73/73 MP: 14/14
  4805 | D:6      | Found a staircase to the Ecumenical Temple.
  4814 | Temple   | Entered the Ecumenical Temple
  4964 | Temple   | Became a worshipper of Hepliaklqana the Forgotten
  5044 | D:6      | Found an iron altar of Okawaru.
  5050 | D:6      | Fell from the grace of Hepliaklqana
  5050 | D:6      | Became a worshipper of Warmaster Okawaru
  5620 | D:6      | Noticed Dowan
  5632 | D:6      | Killed Dowan
  5641 | D:6      | Noticed Duvessa
  5657 | D:6      | Killed Duvessa
  5657 | D:6      | Reached * piety under Okawaru
  6324 | D:7      | Found a radiant altar of Vehumet.
  6440 | D:7      | Found a sparkling altar of Nemelex Xobeh.
  6662 | D:7      | Found an ancient bone altar of Kikubaaqudgha.
  6933 | D:7      | Reached ** piety under Okawaru
  7464 | D:7      | Noticed a troll
  7468 | D:7      | Killed a troll
  7870 | D:8      | Found a flagged portal.
  7881 | Bailey   | Entered a bailey
  8053 | Bailey   | Reached *** piety under Okawaru
  8116 | Bailey   | HP: 2/65 [orc warrior/+0 war axe (7)]
  8118 | Bailey   | Slain by a hobgoblin

Illustrated notes

Levels and vault maps discovered:
D:1:      dpeg_arrival_caged_fury, layout_loops_cross,
          hellmonk_ecumenical_altar_lost_god
D:2:      layout_basic, basic_altar
D:3:      layout_rooms, grunt_dithmenos_smoke, dk_vineyard_3, uniq_robin,
          uniq_sigmund, uniq_ijyb, uniq_terence
D:4:      layout_basic, makhleb_blood_cavern_becter,
          nicolae_wu_jian_immortal_techniques, serial_shops, shop,
          nicolae_shop_overcharged_wands, uniq_pikel
D:5:      layout_gridville, fedhas_altar_4, trog_butcher_becter
D:6:      layout_cave_pools, nicolae_overflow_crystal_walls,
          minmay_temple_entry_poolview, uniq_duvessa
D:7:      minmay_the_grid_square_5x5_3x3 [minmay_the_grid_square_5x5_minivault,
          minmay_the_grid_square_5x5_detours,
          minmay_the_grid_square_5x5_minibox,
          minmay_the_grid_square_5x5_n_small,
          minmay_the_grid_square_5x5_megaprize_hollow,
          minmay_the_grid_square_5x5_fat_x,
          minmay_the_grid_square_5x5_bracketed,
          minmay_the_grid_square_5x5_inverted_slash,
          minmay_the_grid_square_5x5_empty], layout_basic,
          vehumet_altar_wand_db, nemelex_diamond_rough_becter,
          mainiacjoe_overflow_alcove_4, kennysheep_generic_room_13
D:8:      layout_basic, nicolae_ru_awakened_eye, enter_bailey_4, serial_demonic,
          serial_demonic_a, serial_demonic_e, serial_demonic_g, serial_demonic_b
Temple:   nicolae_temple_bog_church
Bailey:   bailey_axe_minmay_hex_keep, bailey

Skill      XL: |  1  2  3  4  5  6  7  8 |
---------------+-------------------------+-----
Short Blades   | 1 2 3 |  3.9
Long Blades    | 1 2 3 |  3.9
Maces & Flails | 1 2 3 |  3.9
Polearms       | 1 2 3 |  3.9
Staves         | 1 2 3 |  3.9
Ranged Weapons | 1 2 3 |  3.9
Throwing       | 1 2 3 |  3.9
Dodging        | 1 2 3 |  3.9
Stealth        | 1 2 3 |  3.9
Unarmed Combat | 1 2 3 |  3.9
Spellcasting   | 1 2 3 |  3.9
Invocations    | 1 2 3 4 |  4.3
Evocations     | 1 2 3 |  3.9
Conjurations   | 1 2 3 |  3.2
Hexes          | 1 2 3 |  3.2
Summonings     | 1 2 3 |  3.2
Necromancy     | 1 2 3 |  3.2
Translocations | 1 2 3 |  3.2
Transmutations | 1 2 3 |  3.2
Fire Magic     | 1 2 3 |  3.2
Ice Magic      | 1 2 3 |  3.2
Air Magic      | 1 2 3 |  3.2
Earth Magic    | 1 2 3 |  3.2
Poison Magic   | 1 2 3 |  3.2
Axes           | 5 6 |  6.1
Fighting       | 7 |  7.7
Armour         | 7 |  7.7
Shields        | 7 |  7.7

Action                     |  1- 3 |  4- 6 |  7- 9 || total
---------------------------+-------+-------+-------++-------
  Melee: War axe           |    64 |   114 |   384 ||   562
         Bite              |     6 |    12 |    43 ||    61
         Spear             |       |       |    30 ||    30
   Fire: Sling             |       |       |    40 ||    40
  Throw: Boomerang         |       |     5 |    38 ||    43
         Dart              |       |       |    12 ||    12
    Use: Scroll            |     6 |     4 |    14 ||    24
         Potion            |       |     1 |    10 ||    11
 Armour: Scale mail        |    31 |    37 |   189 ||   257
  Dodge: Dodged            |    26 |    54 |   220 ||   300
  Block: Buckler           |    17 |    28 |   116 ||   161
